 Dungeon Crawl Stone Soup version 0.31.0-11-ge490571c62 (webtiles) character file.

Game seed: 8853342824864601071

7453 qw the Nimble (level 10, 0/51 HPs)
             Began as a Spriggan Hunter on Feb 4, 2024.
             Was a Priest of Okawaru.
             Slain by Maurice
             ... wielding a +0 dagger
              (3 damage)
             ... on level 10 of the Dungeon.
             The game lasted 00:00:43 (8669 turns).

qw the Nimble (Spriggan Hunter)                     Turns: 8669, Time: 00:00:44

Health: 0/51       AC:  7    Str:  7    XL:     10   Next: 94%
Magic:  10/14      EV: 31    Int: 13    God:    Okawaru [***...]
Gold:   657        SH:  0    Dex: 24    Spells: 9/9 levels left

rFire   + . .        l - +0 orcbow
rCold   + . .        (shield currently unavailable)
rNeg    . . .        p - +1 robe {rC+ rF+}
rPois   .            m - +2 hat
rElec   +            d - +1 cloak of Prudence {rElec Int+3}
rCorr   .            (gloves unavailable)
SInv    +            (boots unavailable)
Will    ++...        (no amulet)
Stlth   ++           o - ring of willpower
HPRegen 0.28/turn    (no ring)
MPRegen 0.14/turn

%: no passive effects
@: finesse-ful, very quick
A: very small, no large weapons, unfitting armour, see invisible, speed 3
a: Renounce Religion, Heroism


You were on level 10 of the Dungeon.
You worshipped Okawaru.
Okawaru was most pleased with you.
You visited 2 branches of the dungeon, and saw 11 of its levels.

You collected 657 gold pieces.


Innate Abilities, Weirdness & Mutations

You are very small and have problems with some larger weapons.
You are too small for most types of armour.
You have supernaturally acute eyesight. (SInv)
You cover ground extremely quickly. (Speed+++)


   Skills:
 - Level 5.0 Fighting
 + Level 12.1 Ranged Weapons
 - Level 13.0 Dodging
 - Level 1.5 Stealth
 - Level 4.8 Invocations


You had 9 spell levels left.
You didn't know any spells.
Your spell library was empty.

Inventory:

Hand Weapons
 l - a +0 orcbow (weapon)
Armour
 c - a +2 robe of cold resistance
 d - the +1 cloak of Prudence (worn) {rElec Int+3}
   (You acquired it on level 3 of the Dungeon)

   Int+3:     It affects your intelligence (+3).
   rElec:     It insulates you from electricity.
 m - a +2 hat (worn)
 p - a +1 robe of resistance (worn)
Jewellery
 g - a ring of fire
 o - a ring of willpower (left hand)
Wands
 a - a wand of digging (6)
 b - a wand of acid (6)
Scrolls
 e - 2 scrolls of identify
Potions
 h - 4 potions of enlightenment
 i - 2 potions of curing
 k - a potion of mutation
 n - a potion of might

Dungeon Overview and Level Annotations

Branches:
Dungeon (10/15)            Temple (1/1) D:6            Lair (0/5) D:10
    Orc: D:9-12

Altars:
Ashenzari
Cheibriados
Dithmenos
Elyvilon
Fedhas
Gozag
Hepliaklqana
Kikubaaqudgha
Makhleb
Nemelex Xobeh
Okawaru
Qazlal
Sif Muna
Trog
Uskayaw
Vehumet
Wu Jian
Xom
Yredelemnul
The Shining One

Shops:
D:7 *

Portals:
Bailey: D:7

Annotations:
D:6 2 runed translucent doors, qw's ghost, amateur SpHu
D:10 Maurice


Message History

Maurice mumbles some strange words.
Maurice blinks!
You shoot an arrow. The arrow hits Maurice.
Maurice is lightly wounded.
You shoot an arrow. The arrow closely misses Maurice.
Maurice mumbles some strange words.
Maurice blinks!
You shoot an arrow.
The arrow hits Maurice but does no damage.
Maurice is lightly wounded.
You shoot an arrow. The arrow barely misses Maurice.
Maurice closely misses you. Maurice bites you but does no damage.
You shoot an arrow. The arrow hits Maurice.
Maurice is moderately wounded.
You shoot an arrow. The arrow hits Maurice!
Maurice is moderately wounded.
Maurice completely misses you. Maurice misses you.
You shoot an arrow. The arrow closely misses Maurice.
You shoot an arrow. The arrow hits Maurice.
Maurice is heavily wounded.
You shoot an arrow. The arrow barely misses Maurice.
Maurice hits you with a +0 dagger. Maurice steals your ring of fire!
Maurice puts on a ring of fire.
Maurice completely misses you.
You shoot an arrow. The arrow barely misses Maurice.
You shoot an arrow.
The arrow hits Maurice but does no damage.
Maurice is heavily wounded.
Maurice zaps a wand.
You resist with almost no effort.
You shoot an arrow. The arrow hits Maurice!
Maurice is severely wounded.
You shoot an arrow. The arrow hits Maurice!
Maurice is almost dead.
Maurice misses you. x2
You shoot an arrow. The arrow hits Maurice.
Maurice is almost dead.
You shoot an arrow. The arrow closely misses Maurice.
You shoot an arrow. The arrow hits Maurice.
Maurice is almost dead.
Maurice hits you with a +0 dagger.
You die...

######### #........
#........ #.......
##.....### ...?..#_#
#....##.## #@..##...##
#f..#..#..# #####.###.#
##.###.# ##..._#.#### ##
#_....#..'.# ##>#
#############..._#.##.#####
#..#
#.....##...'##.###.##..##..
#.#
#.....'..###.#.###.##...'[#


You could see Maurice.

Vanquished Creatures
  2 two-headed ogres
  Jeremiah (D:9)
  Psyche (D:8)
  2 trolls
  A hornet (D:4)
  Sigmund (D:5)
  A wyvern (D:8)
  10 yaks
  Menkaure (D:6)
  An acid dragon (D:9)
  A water moccasin (D:7)
  Duvessa (D:5)
  2 sky beasts (D:7)
  3 orc warriors
  3 ice beasts
  An ogre (D:7)
  3 centaurs
  A kobold brigand (D:9)
  3 bullfrogs
  A necrophage (D:4)
  A gnoll sergeant (D:10)
  2 scorpions
  3 wights (D:6)
  Dowan (D:5)
  6 killer bees (D:8)
  3 howler monkeys
  A bombardier beetle (D:6)
  A hound (D:4)
  A human zombie (D:4)
  3 orc priests
  2 iguanas
  Ijyb (D:3)
  Natasha (D:3)
  8 orc wizards
  A scorpion zombie (D:4)
  A hound skeleton (D:4)
  2 hound zombies (D:4)
  Robin (D:3)
  4 gnolls
  7 adders
  A shadow imp (D:4)
  6 white imps
  2 adder skeletons (D:4)
  4 adder zombies (D:4)
  3 dart slugs
  A ribbon worm (D:2)
  25 orcs
  6 bats
  9 endoplasms
  3 giant cockroaches
  17 goblins
  4 hobgoblins
  4 quokkas
  8 ball pythons
  4 frilled lizards
  14 kobolds
  5 rats
206 creatures vanquished.

Notes
Turn   | Place    | Note
-------+----------+-------------------------------------------
     0 | D:1      | qw the Spriggan Hunter began the quest for the Orb.
     0 | D:1      | Reached XP level 1. HP: 10/10 MP: 2/2
     0 | D:1      | 0 ||| qw: Version: 0.3-a-160-g6735b56
     0 | D:1      | 0 ||| qw: Game counter: 5526
     0 | D:1      | 0 ||| qw: Melee chars always use a shield: true
     0 | D:1      | 0 ||| qw: God list: Okawaru
     0 | D:1      | 0 ||| qw: Allow faded altars: false
     0 | D:1      | 0 ||| qw: Do Orc after clearing Dungeon:15 true
     0 | D:1      | 0 ||| qw: Do second Lair branch before Depths: true
     0 | D:1      | 0 ||| qw: Lair rune preference: random
     0 | D:1      | 0 ||| qw: Goals: Normal
     0 | D:1      | 0 ||| PLANNING D:1-11
    65 | D:1      | Reached skill level 3 in Dodging
   116 | D:1      | Reached XP level 2. HP: 14/14 MP: 3/3
   156 | D:1      | Reached skill level 4 in Dodging
   239 | D:1      | HP: 3/14 [gnoll/+0 spear (6)]
   241 | D:1      | Reached XP level 3. HP: 5/18 MP: 4/4
   245 | D:1      | HP: 4/18 [bat (1)]
   798 | D:1      | 798 ||| READING 2 scrolls labelled VUOBLO NOYMM.
   799 | D:1      | 799 ||| READING scroll labelled PIETHR DODGH.
   799 | D:1      | 799 ||| IDENTIFYING silvery potion
   800 | D:1      | 800 ||| DRINKING 2 fuming inky potions.
   839 | D:1      | 839 ||| DROPPING scroll of butterflies.
   840 | D:1      | 840 ||| DROPPING scroll of amnesia.
   841 | D:1      | 841 ||| DROPPING potion of lignification.
  1048 | D:2      | 1048 ||| FLEEEEING.
  1108 | D:2      | Reached XP level 4. HP: 6/22 MP: 5/5
  1179 | D:2      | Found a faded altar of an unknown god.
  1434 | D:2      | 1434 ||| FLEEEEING.
  1435 | D:2      | 1435 ||| FLEEEEING.
  1436 | D:2      | 1436 ||| FLEEEEING.
  1437 | D:2      | 1437 ||| FLEEEEING.
  1438 | D:2      | 1438 ||| FLEEEEING.
  1439 | D:2      | 1439 ||| FLEEEEING.
  1440 | D:2      | 1440 ||| FLEEEEING.
  1441 | D:2      | 1441 ||| FLEEEEING.
  1442 | D:2      | 1442 ||| FLEEEEING.
  1443 | D:2      | 1443 ||| FLEEEEING.
  1444 | D:2      | 1444 ||| FLEEEEING.
  1446 | D:2      | 1446 ||| FLEEEEING.
  1447 | D:2      | 1447 ||| FLEEEEING.
  1451 | D:2      | 1451 ||| FLEEEEING.
  1452 | D:2      | 1452 ||| FLEEEEING.
  1453 | D:2      | 1453 ||| FLEEEEING.
  1454 | D:2      | 1454 ||| FLEEEEING.
  1506 | D:2      | 1506 ||| READING 2 scrolls of identify.
  1506 | D:2      | 1506 ||| IDENTIFYING dark potion
  1507 | D:2      | 1507 ||| READING scroll of identify.
  1507 | D:2      | 1507 ||| IDENTIFYING murky brown potion
  1508 | D:2      | 1508 ||| READING scroll labelled WARUEM TEPEGI.
  1508 | D:2      | 1508 ||| ENCHANTING +0 shortbow.
  1509 | D:2      | 1509 ||| READING scroll labelled SEOFEUL KUGRETT.
  1509 | D:2      | 1509 ||| BRANDING +1 shortbow.
  1529 | D:3      | Found a shimmering altar of Xom.
  1538 | D:3      | Reached skill level 5 in Dodging
  1548 | D:3      | HP: 5/23 [poisoned by an adder]
  1549 | D:3      | Reached XP level 5. HP: 6/26 MP: 6/6
  1658 | D:3      | Noticed Robin
  1659 | D:3      | Noticed Ijyb
  1661 | D:3      | 1661 ||| DRINKING potion of haste.
  1673 | D:3      | Killed Ijyb
  1675 | D:3      | Killed Robin
  1705 | D:3      | 1705 ||| READING scroll of brand weapon.
  1705 | D:3      | 1705 ||| BRANDING +1 shortbow of draining.
  1742 | D:3      | Noticed Natasha
  1750 | D:3      | Killed Natasha
  1867 | D:3      | Reached skill level 6 in Ranged Weapons
  1892 | D:3      | 1892 ||| READING scroll of enchant weapon.
  1892 | D:3      | 1892 ||| ENCHANTING +1 shortbow of freezing.
  1897 | D:3      | 1897 ||| READING scroll of enchant weapon.
  1897 | D:3      | 1897 ||| ENCHANTING +2 shortbow of freezing.
  2285 | D:3      | 2285 ||| READING scroll labelled CURIRE OGUXTEN.
  2285 | D:3      | Identified a scroll of acquirement
  2285 | D:3      | 2285 ||| ACQUIRING +1 cloak of Prudence {rElec Int+3}
  2285 | D:3      | Acquired the +1 cloak of Prudence {rElec Int+3}
  2287 | D:3      | 2287 ||| UPGRADING to +1 cloak of Prudence {rElec Int+3}.
  2292 | D:3      | 2292 ||| READING scroll labelled DEUNEC SESY.
  2342 | D:3      | 2342 ||| READING scroll labelled EFOJELE HATAW.
  2649 | D:4      | Reached XP level 6. HP: 30/30 MP: 7/7
  2706 | D:4      | Reached skill level 6 in Dodging
  2711 | D:4      | Found an ancient bone altar of Kikubaaqudgha.
  2927 | D:4      | Noticed a hornet
  2929 | D:4      | 2929 ||| ZAPPING wand of acid (7) at 0,5 (hornet; floor).
  2930 | D:4      | 2930 ||| ZAPPING wand of acid (6) at 0,4 (hornet; floor).
  2931 | D:4      | 2931 ||| ZAPPING wand of acid (5) at 0,2 (hornet; floor).
  2932 | D:4      | 2932 ||| ZAPPING wand of acid (4) at 0,1 (hornet; floor).
  2932 | D:4      | Killed a hornet
  2933 | D:4      | Reached XP level 7. HP: 35/35 MP: 8/8
  3192 | D:4      | 3192 ||| FLEEEEING.
  3193 | D:4      | 3193 ||| FLEEEEING.
  3194 | D:4      | 3194 ||| FLEEEEING.
  3195 | D:4      | 3195 ||| FLEEEEING.
  3196 | D:4      | 3196 ||| FLEEEEING.
  3197 | D:4      | 3197 ||| FLEEEEING.
  3318 | D:4      | Reached skill level 7 in Dodging
  3499 | D:4      | 3499 ||| UPGRADING to +1 hat.
  3504 | D:4      | 3504 ||| READING scroll labelled JUNKIE USAUN.
  3504 | D:4      | 3504 ||| ENCHANTING +1 hat.
  3505 | D:4      | 3505 ||| READING scroll labelled SIMAOCEMOTT.
  3544 | D:5      | Entered Level 5 of the Dungeon
  3773 | D:5      | Noticed Duvessa
  3779 | D:5      | Noticed Dowan
  3786 | D:5      | Killed Duvessa
  3787 | D:5      | 3787 ||| ZAPPING wand of acid (16) at 0,1 (Dowan; floor).
  3788 | D:5      | 3788 ||| ZAPPING wand of acid (15) at 0,1 (Dowan; floor).
  3789 | D:5      | 3789 ||| ZAPPING wand of acid (14) at 0,1 (Dowan; floor).
  3789 | D:5      | Killed Dowan
  3790 | D:5      | Reached skill level 8 in Dodging
  3790 | D:5      | Reached XP level 8. HP: 19/39 MP: 9/9
  3991 | D:5      | Noticed Sigmund
  3994 | D:5      | 3994 ||| ZAPPING wand of acid (13) at -5,-1 (Sigmund;
                  | floor).
  3995 | D:5      | 3995 ||| ZAPPING wand of acid (12) at -4,-1 (Sigmund;
                  | floor).
  3996 | D:5      | 3996 ||| ZAPPING wand of acid (11) at -3,-1 (Sigmund;
                  | floor).
  3997 | D:5      | 3997 ||| ZAPPING wand of acid (10) at -2,-1 (Sigmund;
                  | floor).
  3997 | D:5      | Killed Sigmund
  3998 | D:5      | Reached skill level 3 in Fighting
  4176 | D:5      | 4176 ||| UPGRADING to +1 robe of resistance.
  4186 | D:5      | 4186 ||| DROPPING +0 robe.
  4187 | D:5      | 4187 ||| UPGRADING to ring of willpower.
  4188 | D:5      | 4188 ||| READING 3 scrolls of identify.
  4188 | D:5      | 4188 ||| IDENTIFYING coppery potion
  4189 | D:5      | 4189 ||| READING 2 scrolls of identify.
  4189 | D:5      | 4189 ||| IDENTIFYING sedimented inky potion
  4190 | D:5      | 4190 ||| READING scroll of identify.
  4190 | D:5      | 4190 ||| IDENTIFYING smoky emerald potion
  4191 | D:5      | 4191 ||| DRINKING 2 fizzy black potions.
  4192 | D:5      | 4192 ||| DROPPING potion of attraction.
  4193 | D:5      | 4193 ||| DROPPING potion of brilliance.
  4231 | D:6      | Noticed a troll
  4234 | D:6      | 4234 ||| ZAPPING wand of acid (9) at -5,4 (troll; floor).
  4235 | D:6      | 4235 ||| ZAPPING wand of acid (8) at -4,3 (troll; floor).
  4236 | D:6      | 4236 ||| ZAPPING wand of acid (7) at -3,3 (troll; floor).
  4236 | D:6      | Killed a troll
  4265 | D:6      | Reached skill level 9 in Ranged Weapons
  4342 | D:6      | Reached skill level 9 in Dodging
  4376 | D:6      | Noticed Menkaure
  4381 | D:6      | Killed Menkaure
  4661 | D:6      | Found a staircase to the Ecumenical Temple.
  4662 | D:6      | 4662 ||| PLANNING TEMPLE
  4662 | D:6      | 4662 ||| READING 2 scrolls of identify.
  4662 | D:6      | 4662 ||| IDENTIFYING inky potion
  4663 | D:6      | 4663 ||| READING scroll of identify.
  4663 | D:6      | 4663 ||| IDENTIFYING scroll labelled DIAVVIEGAR
  4664 | D:6      | 4664 ||| DROPPING scroll of blinking.
  4673 | Temple   | Entered the Ecumenical Temple
  4674 | Temple   | 4674 ||| PLANNING OKAWARU WORSHIP
  4688 | Temple   | Became a worshipper of Warmaster Okawaru
  4689 | Temple   | 4689 ||| PLANNING D:1-11
  4900 | D:6      | Found a large runed translucent door.
  4900 | D:6      | Found a large runed translucent door.
  4916 | D:6      | Noticed qw's ghost (amateur SpHu)
  4976 | D:6      | Found a shadowy altar of Dithmenos.
  5074 | D:6      | Reached XP level 9. HP: 44/44 MP: 10/10
  5128 | D:6      | Found a shimmering blue altar of Sif Muna.
  5391 | D:7      | Reached skill level 10 in Dodging
  5442 | D:7      | Found an opulent altar of Gozag.
  5450 | D:7      | Found Gozag's Platinum Reserve.
  5559 | D:7      | Reached * piety under Okawaru
  5709 | D:7      | Found a flagged portal.
  5755 | D:7      | Reached skill level 1 in Invocations
  6015 | D:7      | 6015 ||| READING 2 scrolls of identify.
  6015 | D:7      | 6015 ||| IDENTIFYING sedimented ruby potion
  6016 | D:7      | 6016 ||| DROPPING potion of berserk rage.
  6067 | D:8      | Noticed Psyche
  6068 | D:8      | 6068 ||| INVOKING Heroism.
  6070 | D:8      | Killed Psyche
  6117 | D:8      | 6117 ||| RETREEEEATING.
  6119 | D:8      | 6119 ||| RETREEEEATING.
  6120 | D:8      | 6120 ||| RETREEEEATING.
  6121 | D:8      | 6121 ||| RETREEEEATING.
  6122 | D:8      | 6122 ||| RETREEEEATING.
  6123 | D:8      | 6123 ||| RETREEEEATING.
  6124 | D:8      | 6124 ||| RETREEEEATING.
  6128 | D:8      | 6128 ||| INVOKING Heroism.
  6136 | D:8      | Reached skill level 3 in Invocations
  6143 | D:8      | Reached skill level 11 in Dodging
  6166 | D:8      | 6166 ||| SWAPPING to +0 orcbow.
  6167 | D:8      | 6167 ||| DROPPING +3 shortbow of freezing.
  6208 | D:8      | 6208 ||| RETREEEEATING.
  6210 | D:8      | 6210 ||| RETREEEEATING.
  6422 | D:8      | Noticed a two-headed ogre
  6423 | D:8      | 6423 ||| INVOKING Heroism.
  6436 | D:8      | Killed a two-headed ogre
  6436 | D:8      | Reached ** piety under Okawaru
  6437 | D:8      | Reached XP level 10. HP: 49/49 MP: 11/14
  6786 | D:8      | 6786 ||| READING 2 scrolls of identify.
  6786 | D:8      | 6786 ||| IDENTIFYING scroll labelled OTASIRY EBBEGY
  6787 | D:8      | 6787 ||| DROPPING scroll of fog.
  6872 | D:9      | Noticed a two-headed ogre
  6873 | D:9      | 6873 ||| INVOKING Heroism.
  6885 | D:9      | Killed a two-headed ogre
  6911 | D:9      | Found a white marble altar of Elyvilon.
  6961 | D:9      | Reached skill level 12 in Dodging
  7122 | D:9      | Noticed Jeremiah
  7136 | D:9      | 7136 ||| FLEEEEING.
  7138 | D:9      | 7138 ||| FLEEEEING.
  7139 | D:9      | 7139 ||| FLEEEEING.
  7141 | D:9      | 7141 ||| STAIRDANCE
  7301 | D:9      | HP: 10/49 [Jeremiah/divine providence (14)]
  7302 | D:9      | 7302 ||| READING 2 scrolls of teleportation.
  7303 | D:9      | 7303 ||| DRINKING potion of heal wounds.
  7431 | D:9      | 7431 ||| FLEEEEING.
  7448 | D:9      | Killed Jeremiah
  7448 | D:9      | Reached *** piety under Okawaru
  7877 | D:9      | 7877 ||| RETREEEEATING.
  7878 | D:9      | 7878 ||| RETREEEEATING.
  7903 | D:9      | Reached skill level 12 in Ranged Weapons
  8152 | D:9      | 8152 ||| READING 3 scrolls of identify.
  8152 | D:9      | 8152 ||| IDENTIFYING scroll labelled OSYNTEAGGOQA
  8153 | D:9      | 8153 ||| DROPPING scroll of poison.
  8190 | D:10     | Entered Level 10 of the Dungeon
  8333 | D:10     | Found a hide-covered altar of Uskayaw.
  8333 | D:10     | Found an ornate altar of the Wu Jian Council.
  8342 | D:10     | Found a bloodstained altar of Trog.
  8344 | D:10     | Found a broken altar of Ashenzari.
  8346 | D:10     | Found a basalt altar of Yredelemnul.
  8590 | D:10     | Found a staircase to the Lair.
  8594 | D:10     | 8594 ||| INVOKING Heroism.
  8601 | D:10     | Reached skill level 13 in Dodging
  8638 | D:10     | Reached **** piety under Okawaru
  8643 | D:10     | HP: 9/51 [yak (12)]
  8644 | D:10     | 8644 ||| READING scroll of teleportation.
  8646 | D:10     | HP: 2/51 [yak (7)]
  8647 | D:10     | Noticed Maurice
  8648 | D:10     | 8648 ||| INVOKING Finesse.
  8662 | D:10     | HP: 3/51 [Maurice/+0 dagger (2)]
  8662 | D:10     | Maurice stole a ring of fire
  8669 | D:10     | Slain by Maurice

Levels and vault maps discovered:
D:1:      eino_arrival_water_cross, layout_basic, minmay_tetromino_t4
D:2:      layout_rooms, shapermc_ecumenical_altar_mp_urbaneastern,
          minmay_distorted
D:3:      layout_loops_ring, mainiacjoe_overflow_catwalk, nicolae_goblin_pals,
          uniq_natasha
D:4:      layout_loops_ring, lemuel_mausoleum_altar_kikubaaqudgha,
          serial_library, serial_library_hellmonk_octagon,
          serial_library_hellmonk_hallway_b, serial_library_hellmonk_open_cross,
          serial_library_hellmonk_double_dead_end,
          serial_library_hellmonk_narrow_alcove,
          serial_library_hellmonk_open_square,
          serial_library_hellmonk_metal_room, serial_library_hellmonk_room_b,
          serial_library_hellmonk_semicircle
D:5:      layout_loops_ring, uniq_duvessa, uniq_sigmund
D:6:      layout_loops_ring, lemuel_blue_sif_altar, grunt_dithmenos_smoke,
          minmay_temple_entry_overgrown, serial_aquarium, aquarium_bridge_square
          [aquarium_subvault_bridge, aquarium_subvault_bridge,
          aquarium_subvault_bridge, aquarium_subvault_bridge],
          aquarium_window_1, aquarium_window_1, aquarium_window_fake,
          aquarium_view_2c, aquarium_balcony_3b, ebering_ghost_disaster_area,
          uniq_menkaure
D:7:      layout_basic, nicolae_gozag_zags_fifth_avenue, enter_bailey_5,
          hangedman_abyss_or_decor_stabs
D:8:      layout_loops_cross, kennysheep_nub, nicolae_letterblocks
          [nicolae_letter_subblock, nicolae_letter_subblock,
          nicolae_letter_subblock, nicolae_letter_subblock,
          nicolae_letter_subblock, nicolae_letter_subblock,
          nicolae_letter_subblock, nicolae_letter_subblock,
          nicolae_letter_subblock, nicolae_letter_subblock,
          nicolae_letter_subblock, nicolae_letter_subblock,
          nicolae_letter_subblock, nicolae_letter_subblock,
          nicolae_letter_subblock, nicolae_letter_subblock,
          nicolae_letter_subblock, nicolae_letter_subblock,
          nicolae_letter_subblock, nicolae_letter_subblock,
          nicolae_letter_subblock, nicolae_letter_subblock,
          nicolae_letter_subblock, nicolae_letter_subblock,
          nicolae_letter_subblock], uniq_psyche
D:9:      layout_cave_pods, elyvilon_altar_4, minmay_unpleasant_kobolds,
          uniq_jeremiah
D:10:     layout_roguey, nicolae_overflow_crystal_walls,
          chequers_temple_overflow_minitemple,
          mainiacjoe_overflow_cross_hatched, lair_entry_dummy, david_greed,
          uniq_josephine, uniq_maurice
Temple:   nicolae_temple_ecumenical_triangle

Skill      XL: |  1  2  3  4  5  6  7  8  9 10 |
---------------+-------------------------------+-----
Dodging        | 3 4 5 6 8 9 11 13 | 13.0
Ranged Weapons | 5 6 7 8 9 10 12 | 12.1
Fighting       | 2 3 4 5 |  5.0
Invocations    | 4 |  4.8
Stealth        | |  1.5

Action                     |  1- 3 |  4- 6 |  7- 9 | 10-12 || total
---------------------------+-------+-------+-------+-------++-------
   Fire: Shortbow          |   128 |   158 |   219 |       ||   505
         Orcbow            |       |       |    29 |   236 ||   265
 Invoke: Heroism           |       |       |     3 |     2 ||     5
         Finesse           |       |       |       |     1 ||     1
  Evoke: Wand              |       |     4 |    10 |       ||    14
    Use: Scroll            |     2 |    10 |     8 |     4 ||    24
         Potion            |     1 |     1 |     1 |     1 ||     4
 Armour: Robe              |    28 |    20 |    25 |    33 ||   106
  Dodge: Dodged            |    57 |    61 |    73 |   132 ||   323

Table legend:
 A = Non-vault XP
 B = Vault XP
 C = Vault XP percentage of total XP
 D = Non-vault monster count
 E = Vault monster count
 F = Vault count percentage of total count
                 A         B        C        D         E       F
            +---------+---------+-------+---------+---------+-------
      Total |    8729 |    1919 |  18.0 |     159 |      46 |  22.4
            +---------+---------+-------+---------+---------+-------
        D:1 |      55 |       3 |   5.2 |      26 |       2 |   7.1
        D:2 |      70 |       2 |   2.8 |      20 |       1 |   4.8
        D:3 |     120 |      97 |  44.7 |      13 |       9 |  40.9
        D:4 |     390 |     345 |  46.9 |      16 |      18 |  52.9
        D:5 |     199 |     437 |  68.7 |       9 |       3 |  25.0
        D:6 |     924 |     175 |  15.9 |      10 |       1 |   9.1
        D:7 |     804 |       6 |   0.7 |      12 |       4 |  25.0
        D:8 |    2080 |     340 |  14.0 |      24 |       1 |   4.0
        D:9 |    2506 |     514 |  17.0 |      13 |       7 |  35.0
       D:10 |    1581 |       0 |   0.0 |      16 |       0 |   0.0
            +---------+---------+-------+---------+---------+-------
